[Event "*** Titled Tuesday Blitz"]
[Site "Chess.com"]
[Date "2018.01.02"]
[Round "5"]
[White "TenisMaster"]
[Black "TheFlaminGM"]
[Result "1/2-1/2"]
[WhiteElo "2698"]
[BlackElo "2684"]
[TimeControl "180+2"]
[EndTime "14:07:54 PST"]
[Termination "Game drawn by agreement"]

1. e4 d6 2. d4 Nf6 3. Nc3 Nc6 4.
h3 g6 5. Nf3 Bg7 6. Be3 O-O 7.
Qd2 e5 8. dxe5 dxe5 9. Bc4 Qe7 10. Rd1 Rd8 11. Nd5 Nxd5 12. exd5 Nd4 13. Bxd4 exd4+ 14. Kf1 c5 15. dxc6 bxc6 16. Re1 Qc5 17. b3 h6 18. Qf4 Qf5 19. Qxf5 Bxf5 20. Bd3 Rd5 21. Nd2 Bxd3+ 22. cxd3 Ra5 23. a4 Rb8 24. Nc4 Ra6 25.
Rb1 Rxa4 26. g3 Rab4 27. Ke2 Rxb3 28. Rxb3 Rxb3 29. Ra1 Rb7 30. Ra6 Rc7 31. Na5 c5 32. Kf3 h5 33. h4 Bf8 34. Nc6 Kg7 35. Ke4 f6 36. Rxa7 Rxa7 37. Nxa7 c4 38. dxc4 d3 39.
Nb5 d2 40. Nc3 Bb4 41. Nd1 f5+ 42. Ke3 Kf6 43. f4 Ke6 44. Ke2 Kd6 45. Nb2 Kc5 46. Nd3+ Kxc4 47. Nxb4 Kxb4 48. Kxd2 Kc4 49. Kc2 Kd4 50. Kd2 Ke4 1/2-1/2

[Event "*** Titled Tuesday Blitz"]
[Site "Chess.com"]
[Date "2018.01.02"]
[Round "5"]
[White "SanQui14"]
[Black "Hanging_pointer"]
[Result "0-1"]
[WhiteElo "2186"]
[BlackElo "2244"]
[TimeControl "180+2"]
[EndTime "14:07:54 PST"]
[Termination "Hanging_pointer won by resignation"]

1. e4 c5 2. Nf3 e6 3. c3 Nf6 4. e5 Nd5 5. d4 cxd4 6. cxd4 d6 7.
Bc4 Be7 8. O-O O-O 9. Qe2 b6 10.
Rd1 Bb7 11. Nc3 Nxc3 12. bxc3 Qc7 13. Bd2 Nd7 14. Rac1 Bxf3 15. gxf3 dxe5 16. Bd3 Rfd8 17.
Kh1 exd4 18. cxd4 Qd6 19. Rg1 Nf6 20. Bc3 Qf4 21. Rcd1 Rac8 22. Bb2 Qh4 23. Ba6 Bd6 24. Rg2 Rc7 25. Bc4 Nd5 26. Rdg1 g6 27. Qf1 Rdc8 28.
Bb3 Qh5 29. Bd1 Qf5 30. Rg5 Qf4 31. R1g2 Kf8 32. R5g4 Qd2 33. Qe2 Qxe2 34. Bxe2 Rc2 35. Ba6 R8c7 36. Rh4 Rxb2 37. Rg1 Rxf2 38. Rxh7 Rcc2 39.
Rh8+ Kg7 40. Rh4 Rxh2+ 0-1

[Event "*** Titled Tuesday Blitz"]
[Site "Chess.com"]
[Date "2018.01.02"]
[Round "5"]
[White "DiamondCrusher22"]
[Black "nicegg"]
[Result "1/2-1/2"]
[WhiteElo "1945"]
[BlackElo "2004"]
[TimeControl "180+2"]
[EndTime "14:07:56 PST"]
[Termination "Game drawn by stalemate"]

1. e4 e5 2. Nf3 Nc6 3. Bb5 Nd4 4. Nxd4 exd4 5. O-O Qh4 6. d3 Nh6 7. Nd2 a5 8. Nf3 Qh5 9. Bc4 b5 10. Bd5 c6 11. Nxd4 Qxd1 12. Rxd1 cxd5 13. Nxb5 Kd8 14. exd5 Ba6 15. Nd4 Bc5 16. Nb3 Bb6 17. Bxh6 gxh6 18. a4 Rc8 19. c4 Rb8 20. c5 Bc7 21. Ra3 d6 22. Nd4 dxc5 23. Nc6+ Kd7 24. Nxb8+ Rxb8 25. Rc3 Rxb2 26. Rxc5 Bb6 27. Rc6 Bxf2+ 28. Kf1 Bb7 29. Rf6 Bd4 30. Rxf7+ Kd6 31. Rxb7 Rxb7 32. Ke2 Kxd5 33.
Rf1 Rb2+ 34. Kf3 Ra2 35. Kg3 Rxa4 36. Rf5+ Be5+ 37. Kf3 Rd4 38. Ke3 a4 39. Rf8 a3 40.
Ra8 Bd6 41. Ra5+ Bc5 42. Kd2 Rg4 43. g3 Rb4 44. Kc3 Rb2 45. d4 Rxh2 46. Rxc5+ Kd6 47. Ra5 a2 48. Kc4 h5 49. d5 Rc2+ 50. Kb3 Rg2 51. Kc4 Rxg3 52. Rxa2 Rg4+ 53. Kd3 Kxd5 54. Ra5+ Ke6 55.
Rxh5 Rg7 56. Ke4 Kf6 57. Kf4 Kg6 58. Rg5+ Kh6 59. Rxg7 Kxg7 60. Kg3 Kg6 61. Kg2 Kg5 62. Kh1 Kg4 63. Kg1 Kg3 64. Kh1 h6 65. Kg1 h5 66.
Kh1 h4 67. Kg1 h3 68. Kh1 h2 1/2-1/2

[Event "*** Titled Tuesday Blitz"]
[Site "Chess.com"]
[Date "2018.01.02"]
[Round "5"]
[White "TastyFrenchFries"]
[Black "LawrenceTrent"]
[Result "0-1"]
[WhiteElo "2324"]
[BlackElo "2393"]
[TimeControl "180+2"]
[EndTime "14:08:03 PST"]
[Termination "LawrenceTrent won by checkmate"]

1. e3 g6 2. d3 Bg7 3. Nf3 c5 4. d4 Nf6 5. Be2 O-O 6. O-O b6 7. c3 Bb7 8. a4 d6 9. a5 Nbd7 10.
a6 Bc6 11. c4 Bxf3 12. Bxf3 Rc8 13. Na3 Qc7 14. Nb5 Qb8 15. Bb7 Rcd8 16. d5 Ne8 17.
Rb1 Nc7 18. Na3 e6 19. e4 exd5 20.
exd5 Rde8 21. Bf4 Ne5 22. Bd2 Qd8 23. f4 Nd3 24. Bc3 Nb4 25. Bxb4 cxb4 26. Nc2 b3 27. Nd4 Bxd4+ 28. Qxd4 Qe7 29. Qc3 Qe3+ 30. Qxe3 Rxe3 31. Kf2 Re4 32. Rbe1 Rfe8 33. Rxe4 Rxe4 34. Kf3 Rxc4 35.
Re1 Kf8 36. Bc6 Rc5 37. Rd1 Nxa6 38. Rd3 Nb4 39. Rxb3 Nxc6 40. dxc6 Rxc6 41. Ra3 a5 42. Rd3 Ke7 43. Ke4 Rc5 44. Kd4 Kd7 45. Re3 Rb5 46.
b3 Rb4+ 47. Kd3 Rxf4 48. g3 Rf5 49. h4 h5 50. Kd4 Rb5 51. Kc4 Rb4+ 52. Kc3 Rg4 53.
Rf3 f5 54. Kd3 a4 55. bxa4 Rxa4 56. Kd2 Ra2+ 57. Kc1 b5 58. Rb3 Kc6 59. Kb1 Rg2 60. Re3 b4 61. Kc1 Kc5 62. Re6 Rxg3 63. Re2 Kc4 64. Rc2+ Rc3 65. Kb1 Rxc2 66. Ka1 f4 67.
Kb1 Rh2 68. Ka1 f3 69. Kb1 Re2 70. Ka1 f2 71. Kb1 f1=Q# 0-1

[Event "*** Titled Tuesday Blitz"]
[Site "Chess.com"]
[Date "2018.01.02"]
[Round "5"]
[White "Incognito_Knight"]
[Black "SmoothAsAHedgehog"]
[Result "1/2-1/2"]
[WhiteElo "2533"]
[BlackElo "2524"]
[TimeControl "180+2"]
[EndTime "14:08:03 PST"]
[Termination "Game drawn by agreement"]

1. e4 e5 2. Nf3 Nc6 3. Bb5 a6 4. Ba4 Nf6 5. O-O Be7 6. Re1 b5 7. Bb3 d6 8. c3 O-O 9. h3 Nb8 10. d4 Nbd7 11. c4 Bb7 12. Nc3 b4 13. Nd5 Re8 14. Bd2 a5 15. a3 exd4 16. Nxd4 Bf8 17. axb4 axb4 18. Rxa8 Bxa8 19. Bc2 c5 20. Nf5 Bxd5 21.
exd5 g6 22. Nh6+ Kg7 23. b3 Rxe1+ 24. Qxe1 Qe8 25. Qxe8 Nxe8 26. Ng4 h5 27. Ne3 Kf6 28. f4 Bh6 29. g3 Kg7 30. Kf2 h4 31. gxh4 Ndf6 32.
Kf3 Nh5 33. Ng4 f5 34. Nf2 Kf7 35. Nh1 Bf8 36. Ng3 Neg7 37. Ne2 Be7 38. Be1 Bf6 39.
Bf2 Ke7 40. Nc1 Kf7 41. Nd3 Be7 42. Bd1 Ke8 43. Ke3 Kf7 44. Bf3 Ne8 45. Nc1 Nef6 46. Ne2 Nd7 47. Ng3 Ndf6 48. Be1 Nxg3 49. Bxg3 Nh5 50.
Bf2 Bf6 51. Bxh5 gxh5 52. Kf3 1/2-1/2

[Event "*** Titled Tuesday Blitz"]
[Site "Chess.com"]
[Date "2018.01.02"]
[Round "5"]
[White "manubibi"]
[Black "theblitzchamp"]
[Result "1-0"]
[WhiteElo "2452"]
[BlackElo "2442"]
[TimeControl "180+2"]
[EndTime "14:08:05 PST"]
[Termination "manubibi won by checkmate"]

1. e4 e5 2. Nf3 Nc6 3. Bb5 Nge7 4. O-O g6 5. c3 Bg7 6. d4 exd4 7. cxd4 a6 8. Ba4 b5 9. Bb3 O-O 10. d5 Na5 11.
Nc3 c5 12. d6 Nec6 13. Bg5 Qb6 14. Nd5 Qa7 15. Ne7+ Kh8 16. Bd5 Bb7 17. Qd2 Qb6 18. Rfe1 f6 19. Be3 Nxe7 20. dxe7 Rfe8 21. b4 Nc4 22.
Bxc4 bxc4 23. Bxc5 Qe6 24. Nd4 Qf7 25. Rad1 Rac8 26.
f4 a5 27. a3 axb4 28. axb4 Rxc5 29. bxc5 Qxe7 30. Qb4 Bxe4 31. Qxc4 f5 32. Nb5 Qh4 33. Nd6 Rf8 34. g3 Qg4 35. Nxe4 fxe4 36. Qxe4 h6 37.
Rd6 Kh7 38. Kg2 Rf7 39. h3 Qh5 40. Rd5 Rf5 41. g4 Rg5 42. fxg5 Qh4 43. gxh6 Kxh6 44.
g5+ Kh5 45. Qf3+ Qg4+ 46. Qxg4# 1-0

[Event "*** Titled Tuesday Blitz"]
[Site "Chess.com"]
[Date "2018.01.02"]
[Round "5"]
[White "Slmctk"]
[Black "alpasya2009"]
[Result "1-0"]
[WhiteElo "2318"]
[BlackElo "2302"]
[TimeControl "180+2"]
[EndTime "14:08:07 PST"]
[Termination "Slmctk won by resignation"]

1. d4 Nf6 2. Nf3 g6 3. Bg5 Bg7 4. Nbd2 d5 5. c3 O-O 6. Bxf6 Bxf6 7. e4 dxe4 8. Nxe4 Bg7 9. Bc4 Nd7 10. Qe2 Nf6 11.
Nxf6+ Bxf6 12. O-O-O c5 13. dxc5 Qa5 14. h4 h5 15. Qe3 Kg7 16. Ne5 b5 17. Bd5 Rb8 18.
Nc6 Qc7 19. Nxb8 Qxb8 20. Kb1 b4 21. c4 Bf5+ 22. Ka1 a5 23. Rd2 a4 24. Be4 Be6 25.
Bd5 Bf5 26. Be4 Be6 27. Bd5 Bf5 28. f3 a3 29. Be4 axb2+ 30. Kb1 Be6 31. Rc2 Qa7 32. Qb3 Qxc5 33. Rd1 Bc3 34. Rxc3 bxc3 35. Qxc3+ f6 36. Bd5 Bf5+ 37. Kxb2 Rb8+ 38. Ka1 Qb6 39. Be4 Bxe4 40. fxe4 e5 41. c5 Qb5 42. c6 Rc8 43. c7 Kh6 44. Qd2+ g5 45. hxg5+ Kg6 46. gxf6 Rxc7 47.
Qd8 Qc5 48. Qg8+ Kxf6 49. Rf1+ Ke7 50. Rf7+ 1-0

[Event "*** Titled Tuesday Blitz"]
[Site "Chess.com"]
[Date "2018.01.02"]
[Round "5"]
[White "BillForster"]
[Black "ChessicallyInclined"]
[Result "0-1"]
[WhiteElo "1514"]
[BlackElo "2213"]
[TimeControl "180+2"]
[EndTime "14:08:13 PST"]
[Termination "ChessicallyInclined won by resignation"]

1. d4 d5 2. c4 e6 3. Nc3 Nf6 4. cxd5 exd5 5. Bg5 Be7 6. e3 c6 7. Bd3 Nbd7 8. Nge2 h6 9. Bh4 Nh5 10. Bxe7 Qxe7 11. Qc2 Nb6 12. O-O O-O 13. Rae1 Bg4 14. Kh1 Bxe2 15. Rxe2 Qh4 16. Kg1 Rae8 17. f3 Qg5 18. Nd1 f5 19. g3 f4 20. exf4 Nxf4 21.
Rxe8 Rxe8 22. Nf2 Ne6 23. Qc3 Qf6 24. Re1 Rf8 25. f4 Nxd4 26. Ng4 Nf3+ 27. Kf2 Qxc3 28. bxc3 Nxe1 29. Kxe1 Re8+ 30. Kd2 Nc4+ 31. Bxc4 dxc4 32. Ne5 Rd8+ 33. Ke2 Re8 34. Kd2 g5 35.
Ke3 Kg7 36. Kf3 Kf6 37. Ng4+ Kg6 38. Ne5+ Kf5 39. Nf7 g4+ 40. Kf2 Re6 41. Nd8 Rd6 42. Nf7 Rd2+ 43. Ke1 Rxh2 44. Nd6+ Ke6 45. Nxb7 Rxa2 46.
Nc5+ Kf5 47. Nd7 Rg2 48. Ne5 Rxg3 0-1

[Event "*** Titled Tuesday Blitz"]
[Site "Chess.com"]
[Date "2018.01.02"]
[Round "5"]
[White "gmmoranda"]
[Black "GGuseinov"]
[Result "0-1"]
[WhiteElo "2727"]
[BlackElo "2689"]
[TimeControl "180+2"]
[EndTime "14:08:14 PST"]
[Termination "GGuseinov won by resignation"]

1. d4 Nf6 2. c4 g6 3. Nc3 Bg7 4. e4 d6 5. f4 O-O 6. Nf3 e5 7. fxe5 dxe5 8. d5 Na6 9. Bd3 c6 10. O-O cxd5 11. cxd5 Qd6 12. Kh1 Bg4 13. h3 Bd7 14. Be3 Nh5 15. Kh2 f5 16. Nd2 f4 17. Bf2 Kh8 18. Nc4 Qe7 19. Qb3 Nc5 20. d6 Qg5 21. Bxc5 Qg3+ 22. Kh1 Bxh3 23. Qc2 Be6 24. Bf2 Qg5 25. Nd5 Ng3+ 26. Kg1 Qh4 27. Bc5 Qh1+ 28. Kf2 Qh4 29. Kg1 Rac8 30. b4 Qh1+ 31. Kf2 Qh4 32. Kg1 b6 33. d7 bxc5 34. dxc8=Q Rxc8 35. Nd6 Rd8 36. Nb7 Rxd5 37. Nxc5 Bg4 38.
Rac1 Qh1+ 39. Kf2 Qh4 40. Kg1 Rd8 41. b5 Qh1+ 42. Kf2 Qh4 43. Kg1 Bf6 44. Bc4 Qh1+ 45.
Kf2 Qh4 46. Kg1 Qh1+ 47. Kf2 Nxf1 48. Rxf1 Bh4+ 0-1

[Event "*** Titled Tuesday Blitz"]
[Site "Chess.com"]
[Date "2018.01.02"]
[Round "5"]
[White "colemman"]
[Black "Iball95"]
[Result "1-0"]
[WhiteElo "2433"]
[BlackElo "2572"]
[TimeControl "180+2"]
[EndTime "14:08:17 PST"]
[Termination "colemman won by checkmate"]

1. d4 d5 2. Nf3 Nf6 3. Nbd2 c5 4. e3 Nc6 5. c3 cxd4 6. exd4 Bg4 7. Qa4 Nd7 8. Qb3 Nb6 9. a4 a5 10. Bd3 Bxf3 11.
Nxf3 e6 12. Bf4 Be7 13. O-O O-O 14. Rfe1 g6 15. Re2 Re8 16. Rae1 Bf8 17. Bb5 Nd7 18. Qd1 Rc8 19. h3 Nb6 20. Qd3 Bd6 21. Bg5 Be7 22. Bh6 Qc7 23. Nd2 Bf8 24. Bg5 Be7 25. Be3 Red8 26.
Bh6 Na7 27. Nf3 Nxb5 28. Qxb5 Qc6 29. Qb3 Bf6 30. Ra1 Nc4 31. Bf4 Qa6 32. Rae1 Rc6 33. Qc2 b5 34. axb5 Qxb5 35. Bc1 a4 36. Nh2 Rb8 37. Ng4 Bg7 38. Qd3 Nd6 39. Qf3 Ne4 40.
Qf4 a3 41. bxa3 Nxc3 42. Rb2 Qxb2 43. Bxb2 Rxb2 44. Nf6+ Kh8 45. Ne8 f6 46. Qg4 Ne4 47. f3 f5 48. Qh4 Bxd4+ 49. Kh1 Bf2 50. Qe7 Bc5 51. Qg7# 1-0

[Event "*** Titled Tuesday Blitz"]
[Site "Chess.com"]
[Date "2018.01.02"]
[Round "5"]
[White "SabinaFoisor"]
[Black "attack2mateU"]
[Result "0-1"]
[WhiteElo "2318"]
[BlackElo "2608"]
[TimeControl "180+2"]
[EndTime "14:08:19 PST"]
[Termination "attack2mateU won on time"]

1. d4 Nf6 2. Nf3 e6 3. Bf4 d5 4. e3 c5 5. c3 Nc6 6. Nbd2 Bd6 7. Bg3 O-O 8. Bd3 b6 9. O-O Bb7 10.
Qe2 Qc7 11. e4 Bxg3 12. hxg3 cxd4 13. cxd4 dxe4 14. Nxe4 Nb4 15. Nxf6+ gxf6 16. Be4 Bxe4 17. Qxe4 Qc2 18. Qxc2 Nxc2 19. Rac1 Rac8 20. a3 Rfd8 21. Rcd1 Rc4 22. b3 Rc3 23. a4 Rxb3 24. Rd2 Nb4 25. Rc1 Nd5 26. Rc4 a6 27. Kh2 b5 28.
axb5 axb5 29. Rc6 b4 30. g4 h6 31. Ng1 Rc3 32. Rc5 Rb8 33. Ne2 Ra3 34. Ng3 b3 35.
Rb2 Ra2 36. Rxa2 bxa2 37. Ra5 Nc3 38. Nh5 Rb1 39. Ra8+ Kh7 40. Nxf6+ Kg6 41. Nd7 f6 42. Ra7 a1=Q 43. Nf8+ Kg5 44. Nxe6+ Kxg4 45. f3+ Kf5 46. Ng7+ Kf4 0-1

[Event "*** Titled Tuesday Blitz"]
[Site "Chess.com"]
[Date "2018.01.02"]
[Round "5"]
[White "DanielNaroditsky"]
[Black "NewBornNow"]
[Result "0-1"]
[WhiteElo "2804"]
[BlackElo "2690"]
[TimeControl "180+2"]
[EndTime "14:08:20 PST"]
[Termination "NewBornNow won by resignation"]

1. e4 c6 2. f4 d5 3. e5 Nh6 4.
Nf3 Bg4 5. Be2 e6 6. d4 c5 7. c3 Nc6 8. dxc5 Bxc5 9. b4 Bb6 10.
a4 a6 11. Nbd2 Nf5 12. Nb3 O-O 13.
Qd3 f6 14. exf6 Qxf6 15. Bd2 Nd6 16. Nc5 Bf5 17. Qe3 Ne4 18. Nxe4 dxe4 19. Qxb6 exf3 20. Bxf3 Rad8 21. Bxc6 bxc6 22. Qf2 Bd3 23. a5 e5 24. f5 e4 25. O-O-O c5 26. Qxc5 Kh8 27.
Kb2 Rc8 28. Qd5 Rb8 29. Ka3 Rfe8 30. Rhe1 Re5 31. Qd4 Qxf5 32. Ra1 Rd5 33. Qe3 Rxa5+ 34. Kb2 Rd5 35. Qf4 Qc8 36. Rec1 a5 37. c4 Rf5 38.
Qd6 axb4 39. Ra7 Rf2 40. Rc2 b3 41. Qd5 bxc2+ 42. Kc3 c1=Q+ 43. Bxc1 Rc2+ 44. Kd4 Rxc4+ 45. Ke3 Rxc1 46. Qf7 Qc5+ 0-1

[Event "*** Titled Tuesday Blitz"]
[Site "Chess.com"]
[Date "2018.01.02"]
[Round "5"]
[White "oskariot"]
[Black "Colombiano07"]
[Result "0-1"]
[WhiteElo "2391"]
[BlackElo "2215"]
[TimeControl "180+2"]
[EndTime "14:08:23 PST"]
[Termination "Colombiano07 won by checkmate"]

1. d4 d5 2. c4 Bf5 3. Nc3 e6 4. cxd5 exd5 5. Qb3 Nc6 6. e4 dxe4 7. d5 Nb4 8. Be3 Nf6 9. O-O-O Bd6 10. h3 O-O 11. g4 Bg6 12. Nge2 Nd3+ 13. Kb1 a5 14. a3 Nxf2 15. Bxf2 e3+ 16. Ka1 exf2 17. Qc4 Re8 18. Bg2 Nd7 19. h4 Ne5 20. Qd4 a4 21. h5 Bc2 22.
Rc1 Bb3 23. h6 Bf8 24. Ng3 Qg5 25. Nce4 Qxg4 26. Bh3 Qf4 27. hxg7 Bxg7 28. Nh5 Qh6 29. Bf5 Ng4 30. Qd3 Qe3 31. Bxh7+ Kf8 32. Qb5 Rxe4 33. Bxe4 Qxe4 34. Qc5+ Kg8 35. d6 cxd6 36. Qg5 Qg6 37. Qf4 Re8 38. Nxg7 Kxg7 39. Rhf1 Qe4 40. Qg5+ Qg6 41.
Qf4 Re4 42. Qg3 Re2 43. Qc3+ Qf6 44. Rxf2 Qxc3 45. Rxc3 Re1+ 46. Rc1 Rxc1# 0-1

[Event "*** Titled Tuesday Blitz"]
[Site "Chess.com"]
[Date "2018.01.02"]
[Round "5"]
[White "TST2014"]
[Black "Adham_Fawzy"]
[Result "0-1"]
[WhiteElo "2300"]
[BlackElo "2422"]
[TimeControl "180+2"]
[EndTime "14:08:24 PST"]
[Termination "Adham_Fawzy won on time"]

1. d4 Nf6 2. c4 e6 3. Nf3 Bb4+ 4. Nc3 O-O 5. e3 c5 6. Bd3 d5 7. O-O Nc6 8. a3 Bxc3 9. bxc3 dxc4 10. Bxc4 Qc7 11. h3 b6 12. Bb2 Bb7 13. Ba2 Na5 14. Qe2 Ne4 15. c4 Rad8 16. Rac1 f5 17. Rfd1 Qe7 18.
d5 Rd7 19. Ne5 Rd6 20. f3 Nf6 21. e4 fxe4 22. fxe4 exd5 23. cxd5 Kh8 24. Rf1 Re8 25. Rce1 a6 26. Nc4 Nxc4 27. Bxc4 b5 28. e5 bxc4 29.
exd6 Qxe2 30. Rxe2 Rxe2 31. Bxf6 Bxd5 32. Rf5 Be6 33.
Rxc5 gxf6 34. d7 Bxd7 35. Rxc4 Bb5 36. Rc7 Rd2 37. Kh2 Kg8 38. Kg3 Bf1 39. Kf4 Rxg2 40. Kf5 Rf2+ 41. Ke6 Bxh3+ 42. Kd6 Rd2+ 43. Ke7 Rd7+ 44.
Rxd7 Bxd7 45. Kxf6 Kf8 46. Kg5 Kg7 47. Kh5 Be6 48.
Kg5 h6+ 49. Kh5 Kh7 50. Kh4 Kg6 51. Kg3 h5 52. Kh4 Kh6 53. Kg3 Kg5 0-1

[Event "*** Titled Tuesday Blitz"]
[Site "Chess.com"]
[Date "2018.01.02"]
[Round "5"]
[White "ramses135"]
[Black "EndgameGrinder"]
[Result "1/2-1/2"]
[WhiteElo "2382"]
[BlackElo "2446"]
[TimeControl "180+2"]
[EndTime "14:08:33 PST"]
[Termination "Game drawn - insufficient material"]

1. e4 c5 2. Nf3 e6 3. c3 Nf6 4. e5 Nd5 5. d4 cxd4 6. cxd4 d6 7. Bc4 Be7 8. O-O O-O 9. Nc3 Nxc3 10. bxc3 b6 11. Qe2 a5 12. Re1 Ba6 13. Bxa6 Nxa6 14.
Rb1 Nb8 15. d5 exd5 16. e6 Nc6 17. Qb5 Ne5 18. Nd4 Qc8 19. Qxd5 Qc5 20. exf7+ Kh8 21. Qxc5 bxc5 22. Nf5 Rxf7 23. Nxe7 Rxe7 24. Bg5 Ree8 25. Kf1 h6 26. Bf4 Nc4 27. Rxe8+ Rxe8 28. Re1 Rxe1+ 29. Kxe1 Kg8 30. Ke2 Kf7 31. Kd3 d5 32. h4 h5 33. f3 Ke6 34. g4 g6 35. Bg5 hxg4 36.
fxg4 Ne5+ 37. Kc2 Nxg4 38. Kb3 Ne5 39. Ka4 Nc4 40. Kb5 Nd6+ 41. Kxc5 Ne4+ 42. Kd4 Nxg5 43. hxg5 Kd6 44. c4 dxc4 45. Kxc4 Ke5 46. Kb5 Kf5 47.
Kxa5 Kxg5 48. Kb5 Kf5 49. a4 g5 50. a5 g4 51. a6 g3 52. a7 g2 53. a8=Q g1=Q 54. Qd5+ Kf4 55. Qc4+ Kf3 56. Qc5 Qb1+ 57.
Qb4 Qxb4+ 58. Kxb4 1/2-1/2

[Event "*** Titled Tuesday Blitz"]
[Site "Chess.com"]
[Date "2018.01.02"]
[Round "5"]
[White "sergeikim"]
[Black "VeraNebolsina"]
[Result "0-1"]
[WhiteElo "2362"]
[BlackElo "2253"]
[TimeControl "180+2"]
[EndTime "14:08:35 PST"]
[Termination "VeraNebolsina won by resignation"]

1. d4 Nf6 2. c4 g6 3. Nc3 Bg7 4. e4 d6 5. Nge2 O-O 6. Ng3 Nc6 7. d5 Ne5 8. Be2 h5 9. Bg5 c6 10. Qd2 cxd5 11. cxd5 Bd7 12. O-O Rc8 13. h3 Nc4 14.
Bxc4 Rxc4 15. Rfe1 Qc7 16. Bh6 Rc8 17. Bxg7 Kxg7 18.
Qg5 Kh7 19. e5 dxe5 20. Rxe5 Qd6 21. Rae1 Ng8 22. R5e4 Qf6 23. Qd2 R4c7 24. Rf4 Qg7 25. Nge4 Be8 26. d6 Rd7 27. Nd5 Rxd6 28. Nxd6 exd6 29. Nc3 Bc6 30. Qxd6 Nh6 31. Nd5 Nf5 32. Rxf5 gxf5 33. Nf4 Kh8 34. b3 h4 35. Kh2 Rg8 36. Rg1 Qg5 37. Qd4+ Kh7 38. Qe3 Be4 39. g3 Qf6 40.
gxh4 Rxg1 41. Kxg1 Qa1+ 42. Kh2 Qh1+ 43. Kg3 Qg1+ 44.
Ng2 Qxg2+ 45. Kf4 Qh2+ 46. Kg5 Qd6 47. h5 Qh6+ 48. Kh4 Qxe3 49. fxe3 Kh6 0-1

[Event "*** Titled Tuesday Blitz"]
[Site "Chess.com"]
[Date "2018.01.02"]
[Round "5"]
[White "TheNomNomFactor"]
[Black "Tash_Boy"]
[Result "1-0"]
[WhiteElo "2404"]
[BlackElo "2503"]
[TimeControl "180+2"]
[EndTime "14:08:43 PST"]
[Termination "TheNomNomFactor won by resignation"]

1. d4 Nf6 2. c4 e6 3. Nf3 d5 4. g3 Bb4+ 5. Nbd2 O-O 6. Bg2 b6 7.
O-O Ba6 8. Ne5 Nfd7 9. Nxd7 Qxd7 10. cxd5 exd5 11. a3 Bxd2 12. Bxd2 Re8 13. Re1 Nc6 14.
Bc3 Nd8 15. e4 dxe4 16. Bxe4 Bb7 17. d5 Rxe4 18. Rxe4 Ne6 19. dxe6 Qxd1+ 20. Rxd1 Bxe4 21. exf7+ Kxf7 22. Rd7+ Ke6 23. Rxc7 Rd8 24. f3 Bxf3 25. Rxg7 h5 26. Rxa7 Be4 27. Kf2 Rf8+ 28. Ke3 Bc6 29. Rh7 Rf5 30. Rh6+ Kd5 31. Rf6 Rxf6 32. Bxf6 Ke6 33. Bd4 b5 34. Kf4 Kf7 35. Kg5 Bf3 36.
h3 Bg2 37. Kxh5 Bxh3 38. g4 Bf1 39. g5 Be2+ 40. Kh4 Bf3 41. Kg3 Bc6 42. Kf4 Ke6 43. g6 Be8 44. g7 Bf7 45. Bc3 Bg8 46. Kg5 Bh7 47. Kh6 Bg8 48. Kg6 Ke7 49. Bd4 Ke8 50. Bc5 Kd7 51. Kf6 Bb3 52. Bb4 Bg8 53. Ke5 Bf7 54. Bc3 Bg8 55. Bd2 Kc6 56. Kf5 Kd7 57.
Kf6 Bb3 58. Be3 Ba2 59. Kg6 Bg8 60. Kf6 Be6 61. Ke5 Bg8 62. Kd4 Kc6 63. Kc3 Kb7 64. Kb4 Kc6 65. Ka5 Bf7 66. a4 bxa4 67. Kxa4 Bg8 68.
b4 Bc4 69. Ka5 Bg8 70. b5+ Kb7 71. Kb4 Kc7 72. Kc5 Kb7 73. Kd6 Bc4 74. Ke7 Bxb5 75. g8=Q 1-0

[Event "*** Titled Tuesday Blitz"]
[Site "Chess.com"]
[Date "2018.01.02"]
[Round "5"]
[White "MatthewG-p4p"]
[Black "plouarzel"]
[Result "1-0"]
[WhiteElo "2613"]
[BlackElo "2347"]
[TimeControl "180+2"]
[EndTime "14:08:47 PST"]
[Termination "MatthewG-p4p won by resignation"]

1. f4 c5 2. Nf3 Nc6 3. g3 g6 4. Bg2 Bg7 5. d3 d6 6. Nc3 Nf6 7. O-O O-O 8. e4 Rb8 9. a4 b6 10. h3 Nd7 11. g4 Nd4 12. Be3 a6 13. Bxd4 cxd4 14. Ne2 e5 15. f5 f6 16. h4 Bb7 17. Ng3 d5 18. Qe2 dxe4 19. Nxe4 Qc7 20. Rf2 Nc5 21. Nfd2 Bh6 22. g5 fxg5 23. hxg5 Nxe4 24.
Nxe4 Bxe4 25. gxh6 Bxg2 26. Kxg2 Qc6+ 27. Kh2 gxf5 28.
Rg1+ Kh8 29. Qxe5+ Qf6 30. Rxf5 Qxe5+ 31. Rxe5 Rf6 32. Rh5 Rc8 33. Rg2 Rcc6 34. Rd5 Rxh6+ 35. Kg1 Rhg6 36. Rxg6 Rxg6+ 37. Kf1 Rc6 38. Rxd4 Rxc2 39. Rb4 Rc6 40. Ke2 Kg7 41. Ke3 h5 42. Ke4 Rg6 43. Kf5 Rg3 44. d4 h4 45. d5 h3 46. Rh4 Kf7 47.
Rh7+ Ke8 48. d6 Kd8 49. Ke6 Re3+ 50. Kd5 Rb3 51. Kc6 Re3 52. Rh8+ Re8 53. Rxh3 b5 54. a5 Kc8 55. d7+ Kd8 56. dxe8=Q+ 1-0

[Event "*** Titled Tuesday Blitz"]
[Site "Chess.com"]
[Date "2018.01.02"]
[Round "5"]
[White "AkshatChandra"]
[Black "Kimster98"]
[Result "1-0"]
[WhiteElo "2671"]
[BlackElo "2485"]
[TimeControl "180+2"]
[EndTime "14:08:48 PST"]
[Termination "AkshatChandra won by resignation"]

1. d4 Nf6 2. c4 e6 3. Nf3 d5 4. Nc3 Be7 5. Bg5 Nbd7 6. cxd5 exd5 7. e3 c6 8. Bd3 O-O 9. O-O Re8 10. Qc2 Nf8 11. h3 g6 12. Rab1 a5 13. a3 Ne6 14.
Bh6 Ng7 15. Bxg7 Kxg7 16. b4 axb4 17. axb4 Bd6 18. b5 c5 19. dxc5 Bxc5 20. Rfd1 Be6 21.
Ne2 Qb6 22. Nf4 Kg8 23. Qb2 Ne4 24. Bxe4 dxe4 25. Ng5 Bc4 26. Qc3 Ra4 27. Nd5 Bxd5 28. Rxd5 h6 29. Nxe4 Raxe4 30. Rxc5 Rd8 31. Rc1 Re7 32.
Qc4 Qe6 33. Qxe6 Rxe6 34. R1c4 Rb6 35. g4 Rd1+ 36. Kg2 Rb1 37. Rc7 R1xb5 38. Rf4 f5 39. Rd4 Rf6 40. Rd8+ Rf8 41. Rdd7 Rb8 42. Rg7+ Kf8 43.
Rh7 Kg8 44. Rcg7+ Kf8 45. Rxg6 Re8 46. Rgxh6 fxg4 47. hxg4 Rg5 48. Rh8+ Kf7 49. R6h7+ Kg6 50. Rxe8 Kxh7 51. Kg3 Rg7 52. Rb8 Kg6 53. f4 Kf6 54. e4 Ke6 55. e5 Kd5 56. g5 Kc5 57.
Kg4 b5 58. e6 b4 59. f5 Kc4 60. f6 Rc7 61. e7 1-0

[Event "*** Titled Tuesday Blitz"]
[Site "Chess.com"]
[Date "2018.01.02"]
[Round "5"]
[White "krzyzan94"]
[Black "walkingcreep"]
[Result "1-0"]
[WhiteElo "2616"]
[BlackElo "2425"]
[TimeControl "180+2"]
[EndTime "14:08:50 PST"]
[Termination "krzyzan94 won by resignation"]

1. e4 c5 2. Nf3 e6 3. b3 b6 4. Bb2 Bb7 5. Bd3 Nc6 6. a3 Nge7 7. O-O Ng6 8. c3 Be7 9. Bc2 O-O 10. d4 cxd4 11. cxd4 Bd6 12. e5 Bc7 13. Nc3 Rc8 14. Ne4 Nce7 15. h4 Nf5 16. h5 Ngh4 17. Nf6+ gxf6 18.
Nxh4 Nxh4 19. Qg4+ Kh8 20. Qxh4 f5 21. Qf4 Rg8 22.
f3 Qg5 23. Qxg5 Rxg5 24. Bc1 Rxh5 25. Bf4 Bd8 26. Rac1 Bg5 27. Bxg5 Rxg5 28. Kf2 Bd5 29. Bb1 Rcg8 30. Rg1 Bxb3 31. Rc7 Ba4 32. Rxa7 Bc6 33.
Bd3 h5 34. Bf1 Kg7 35. Rh1 Kg6 36. Rh4 f6 37. g3 fxe5 38. dxe5 Kh6 39. Rh3 Bd5 40.
f4 R5g7 41. Be2 Rg4 42. Bxg4 fxg4 43. Rh2 Bc6 44. Ke3 b5 45. f5 exf5 46. Kf4 Kg6 47. Rd2 Re8 48. Rd6+ Re6 49. Rxe6+ dxe6 50. Rc7 Bd5 51.
Rc5 h4 52. gxh4 Kh5 53. Rc8 Kg6 54. Rg8+ Kh6 55. Rb8 Kg6 56. Rxb5 Kh5 57. Rb8 Kg6 58. a4 Kh6 59. a5 1-0

[Event "*** Titled Tuesday Blitz"]
[Site "Chess.com"]
[Date "2018.01.02"]
[Round "5"]
[White "AndrewDGreen"]
[Black "AljoschaFeuerstack"]
[Result "1-0"]
[WhiteElo "2127"]
[BlackElo "1840"]
[TimeControl "180+2"]
[EndTime "14:08:55 PST"]
[Termination "AndrewDGreen won by resignation"]

1. d4 Nf6 2. Nf3 c5 3. c3 g6 4. dxc5 Bg7 5. Qc2 Na6 6. b4 O-O 7. e4 b6 8. cxb6 Bb7 9. Bd3 Rc8 10. a3 Qxb6 11. O-O d5 12. e5 Ng4 13. Bf4 d4 14. c4 Bxf3 15. gxf3 Nxe5 16. Nd2 Nc7 17. Rfe1 Nxd3 18. Qxd3 Ne6 19. Bg3 Bh6 20. c5 Qc6 21.
Nc4 Rfd8 22. h4 Rd5 23. Ne5 Qa4 24. Qe4 Rcd8 25. Nxf7 Kxf7 26. Qxe6+ Kg7 27. Be5+ Kf8 28. Rad1 Qd7 29. Bg3 Qxe6 30. Rxe6 d3 31. f4 d2 32. Kf1 Rd3 33. Ke2 Kf7 34. Re3 R3d4 35. Rf3 R8d5 36.
Rc3 Re4+ 37. Re3 Red4 38. h5 a5 39. hxg6+ hxg6 40. Rb3 Re4+ 41. Kf3 Rc4 42. Rb2 Rc3+ 43. Ke2 Rxa3 44. b5 Rxc5 45. b6 Rc8 46. b7 Rb8 47.
f5 Rxg3 48. fxg3 gxf5 49. Ra1 e5 50. Rxa5 Rd8 51. Rb1 Ke6 52. Ra8 Rd4 53. b8=Q Re4+ 54.
Kf3 Re3+ 55. Kf2 Re1 56. Rxe1 dxe1=Q+ 57. Kxe1 1-0